 Dungeon Crawl Stone Soup version 0.31-a0-981-geadf994542 (webtiles) character file.

Game seed: 6007887684843970691

2 GordonOverkill the Sneak (level 1, -2/21 HPs)
             Began as a Naga Delver on Nov 1, 2023.
             Slain by a sleepcap (19 damage)
             ... on level 5 of the Dungeon.
             The game lasted 00:00:55 (102 turns).

GordonOverkill the Sneak (Naga Delver)               Turns: 102, Time: 00:00:55

Health: -2/21      AC:  1    Str: 14    XL:     1   Next: 40%
Magic:  1/1        EV:  1    Int: 10    God:
Gold:   20         SH:  0    Dex: 12    Spells: 0/0 levels left

rFire   . . .        a - +0 hand axe
rCold   . . .        (no shield)
rNeg    . . .        b - +0 leather armour
rPois   +            (no helmet)
rElec   .            (no cloak)
rCorr   .            (no gloves)
SInv    +            (no barding)
Will    .....        (no amulet)
Stlth   +++          (no ring)
HPRegen 0.23/turn    (no ring)
MPRegen 0.07/turn

%: no passive effects
@: sleeping, hasted, very slow
A: AC +0, large, see invisible, deformed body, poison resistance, slowness 2,
spit poison 1, naga tail 1
a: Spit Poison


You were on level 5 of the Dungeon.
You visited 1 branch of the dungeon, and saw 3 of its levels.

You collected 20 gold pieces.

Inventory:

Hand Weapons
 a - a +0 hand axe (weapon)
Armour
 b - a +0 leather armour (worn)
Wands
 g - a wand of digging (3)
 h - a wand of iceblast (11)
Scrolls
 c - a scroll of fog
 d - a scroll of revelation
 e - a scroll of fear


   Skills:
 - Level 3.0 Fighting
 - Level 2.0 Axes
 - Level 1.5 Dodging
 - Level 7.2 Stealth
 + Level 0.8 Evocations


You couldn't memorise any spells.
You didn't know any spells.
Your spell library was empty.

Dungeon Overview and Level Annotations

Branches:
Dungeon (6/15)
 Temple: D:4-7

Altars:

Annotations:
D:4 1 runed translucent door
D:5 exclusion: ice beast, Ijyb


Innate Abilities, Weirdness & Mutations

Your serpentine skin is tough. (AC +0)
You have supernaturally acute eyesight. (SInv)
Armour fits poorly on your strangely shaped body.
Your system is resistant to poisons. (rPois)
You cover ground very slowly.
You can spit poison.
You have a snake-like lower body.


Message History

You see here a +0 ring mail.
The dart slug misses you.
You hit the dart slug.
The dart slug is heavily wounded.
The dart slug barely misses you.
You hit the dart slug but do no damage.
The dart slug is heavily wounded.
The dart slug briefly extends its eye-stalks.
The dart slug launches a dart at you. The slug dart hits you.
You hit the dart slug.
You kill the dart slug!
No target in view!
No target in view!
You start resting.
HP restored.
You see here a dart slug corpse.
A sleepcap comes into view.
Found a scroll labelled CUGHAP OM QAL.
Aiming: Iceblast
Press: ? - help, Shift-Dir - straight line, f - sleepcap
Aim: a sleepcap The mass of ice explodes!
The iceblast engulfs the sleepcap!
The sleepcap is heavily damaged.
You hear an angry hiss.
You hear a shout!
You hear an angry hiss.
An adder comes into view.
A howler monkey comes into view.
You feel yourself speed up. The sleepcap barely misses you.
Ijyb the Twisted Goblin comes into view.
She is wielding a +1 dagger of freezing and carrying a wand of iceblast.
You hit the sleepcap.
The sleepcap is severely damaged.
You hit the sleepcap.
The sleepcap is severely damaged.
The sleepcap releases spores at you.
You are engulfed in a cloud of soporific spores!
You fall asleep.
The howler monkey hoots and howls with incredible vigour!
The sleepcap releases spores at you!!
Ouch! That really hurt!
You die...

.#############
?.gh.S.f@.†.>#
...###.#####[#
... #.# #...
#.# #... #.#
#... #.# ####
#.# ##.#####
#......#


You could see a sleepcap, Ijyb, a howler monkey (catching breath) and an adder.

Vanquished Creatures
  A dart slug (D:5)
1 creature vanquished.

Notes
Turn   | Place    | Note
-------+----------+-------------------------------------------
     0 | D:5      | GordonOverkill the Naga Delver began the quest for the Orb.
     0 | D:5      | Reached XP level 1. HP: 21/21 MP: 1/1
     1 | D:6      | Noticed a wraith
    17 | D:4      | Noticed an iguana
    17 | D:4      | Found a runed translucent door.
    38 | D:5      | Noticed an ice beast
    96 | D:5      | Noticed a sleepcap
    98 | D:5      | Noticed a howler monkey
    99 | D:5      | Noticed Ijyb
   102 | D:5      | Slain by a sleepcap

Illustrated notes

Levels and vault maps discovered:
D:4:      layout_basic, ebering_ghost_sewer_f, grunt_ministairs_10,
          minmay_misc_feat_cross, chequers_big_river, kennysheep_crisscross,
          minivault_19, uniq_grinder
D:5:      layout_basic, uniq_ijyb, uniq_edmund
D:6:      layout_basic, minmay_temple_entry_overgrown

Action                     || total
---------------------------++-------
  Melee: Hand axe          ||     5
  Evoke: Wand              ||     1
    Use: Potion            ||     1
 Armour: Leather armour    ||     3
  Dodge: Dodged            ||     3

Table legend: (Time is in decaauts)
 A = Elapsed time spent in this place.
 B = Non-inter-level travel time spent in this place.
 C = Inter-level travel time spent in this place.
 D = Time resting spent in this place.
 E = Time spent auto-exploring this place.
 F = Levels seen in this place.
 G = Mean time per level.
                   A        B        C        D        E       F      G
               +--------+--------+--------+--------+--------+-----+--------+
         Total |    132 |    132 |      0 |     11 |      0 |   3 |   44.0 |
       Dungeon |    132 |    132 |      0 |     11 |      0 |   3 |   44.0 |
               +--------+--------+--------+--------+--------+-----+--------+

Top non-repeatable levels by time:
     D:5: 128 daAuts
     D:6: 1 daAuts
     D:4: 1 daAuts
